 Dungeon Crawl Stone Soup version 0.30.1 (webtiles) character file.

Game seed: 7725328842839213531

833 7w4c the Sneak (level 7, -2/33 HPs)
             Began as a Spriggan Enchanter on July 12, 2023.
             Was an Initiate of Ru.
             Killed from afar by an orc wizard (12 damage)
             ... with a puff of flame
             ... on level 4 of the Dungeon.
             The game lasted 00:14:19 (3736 turns).

7w4c the Sneak (Spriggan Enchanter)                 Turns: 3736, Time: 00:14:19

Health: -2/33      AC:  4    Str: 10    XL:     7   Next: 65%
Magic:  8/16       EV: 19    Int: 16    God:    Ru [......]
Gold:   314        SH:  0    Dex: 18    Spells: 5/17 levels left

rFire   . . .        p - +0 dagger (chaos)
rCold   . . .        (no shield)
rNeg    . . .        b - +1 robe
rPois   .            (helmet restricted)
rElec   .            o - +0 cloak
rCorr   .            (gloves unavailable)
SInv    +            (boots unavailable)
Will    +....        (no amulet)
Stlth   ++           n - +6 ring of strength
HPRegen 0.25/turn    (no ring)
MPRegen 0.15/turn

%: no passive effects
@: confused, very quick
A: very small, no large weapons, unfitting armour, see invisible, speed 3
a: Renounce Religion


You were on level 4 of the Dungeon.
You worshipped Ru.
Ru was noncommittal.
You visited 1 branch of the dungeon, and saw 4 of its levels.

You collected 314 gold pieces.

Inventory:

Hand Weapons
 p - a +0 dagger of chaos (weapon)
Armour
 b - a +1 robe (worn)
 o - a +0 cloak (worn)
Jewellery
 n - a +6 ring of strength (left hand)
Scrolls
 d - 3 scrolls of teleportation
 f - a scroll of silence
 g - a scroll of fear {unknown}
 h - a scroll of amnesia {unknown}
 l - 2 scrolls of identify {unknown}
 m - 3 scrolls of magic mapping {unknown}
 q - a scroll of blinking {unknown}
Potions
 a - a potion of lignification {unknown}
 c - 2 potions of invisibility
 i - a potion of curing {unknown}
 j - a potion of berserk rage {unknown}
 k - 3 potions of haste {unknown}
 r - a potion of mutation {unknown}


   Skills:
 + Level 1.3 Fighting
 + Level 3.5 Short Blades
 + Level 4.6 Dodging
 + Level 7.6 Stealth
 + Level 5.8 Spellcasting
 + Level 5.7 Hexes
 + Level 0.6 Summonings
 + Level 0.6 Ice Magic


You had 5 spell levels left.
You knew the following spells:

 Your Spells              Type           Power      Damage    Failure   Level
a - Ensorcelled Hibernat  Hex/Ice        28%        N/A       6%          2
b - Summon Small Mammal   Summ           24%        N/A       11%         1
c - Tukima's Dance        Hex            23%        N/A       4%          3
d - Confusing Touch       Hex            23%        N/A       4%          3
e - Summon Guardian Gole  Hex/Summ       14%        N/A       12%         3

Your spell library contained the following spells:

 Spells                   Type           Power      Damage    Failure   Level
 Dazzling Flash           Conj/Hex       26%        N/A       13%         3
 Call Canine Familiar     Summ           6%         N/A       32%         3


Dungeon Overview and Level Annotations

Branches:
Dungeon (4/15)
 Temple: D:4-7

Altars:
Cheibriados
Ru
Xom

Shops:
D:4 (


Innate Abilities, Weirdness & Mutations

You are very small and have problems with some larger weapons.
You are too small for most types of armour.
You have supernaturally acute eyesight. (SInv)
You cover ground extremely quickly. (Speed+++)


Message History

Your +0 club hits the orc.
The orc hits your +0 club but does no damage.
You hit the orc but do no damage.
The orc is heavily wounded.
The orc closely misses you.
Your +0 club hits the orc.
The orc dies!
Items here: ) [[ †.
You swap places.
Your +0 club falls from the air.
The orc wizard shouts!
You hit the orc wizard but do no damage.
The orc wizard misses you.
You hit the orc wizard.
The orc wizard's magic leaks into the air.
The orc wizard is lightly wounded.
The orc wizard closely misses you.
You barely miss the orc wizard.
The orc wizard is lightly wounded.
The orc wizard's magic is no longer disrupted.
The orc wizard misses you.
Casting: Tukima's Dance (dangerous; 4% risk of failure)
Confirm with . or Enter, or press ? or * to list all spells.
Aiming: Tukima's Dance (dangerous; 4% risk of failure)
Press: ? - help, Shift-Dir - straight line, f - orc wizard
Aim: an orc wizard, wielding a +0 dagger and wearing a +0 robe (lightly wounded, slightly transparent, chance to affect: 55%)
The +0 dagger dances into the air!
The orc wizard misses you.
You hit the orc wizard but do no damage.
The orc wizard is lightly wounded.
The orc wizard gestures at you while chanting.
You are confused.
Your +0 dagger hits the orc wizard.
You bump into the rock wall.
The orc wizard gestures at you while chanting.
The puff of flame hits you.
Your +0 dagger hits the orc wizard but does no damage.
You barely miss the orc wizard.
The orc wizard is moderately wounded.
The orc wizard casts a spell at you. The puff of flame hits you!
You die...

.. ..... #...# ####.
####.#### #...### #.....
#..)....#######......
......##<##.##.#......)...##
.......>.##...............#
......#).##.##.#..........##
..... #....(...#######....).
.### #.#.#o#### #...###
#.#.#@# #...# #.#.#.# #...#
#.#[#.###### #...#
#..).......# #...###
###..#####.# ##....#
.....#####.# ####.#
##.##.##....#########.# #.
#.##.##............ #
#.##.##.###.##.#..#


You could see an orc wizard (ally target) and a friendly +0 dagger.

Vanquished Creatures
  An ogre (D:4)
  A hound (D:4)
  An orc priest (D:4)
  An iguana (D:4)
  A sleepcap (D:4)
  2 orc wizards
  4 adders
  A dart slug (D:1)
  An orc (D:4)
  3 ball pythons
  9 endoplasms
  2 giant cockroaches
  6 goblins
  6 hobgoblins
  10 kobolds
  3 quokkas
  6 bats
  4 frilled lizards
  7 rats
69 creatures vanquished.

Vanquished Creatures (collateral kills)
  An orc (D:4)
1 creature vanquished.

Vanquished Creatures (others)
  Pikel (D:4)
  3 dancing weapons
  2 lemures (D:4)
6 creatures vanquished.

Grand Total: 76 creatures vanquished

Notes
Turn   | Place    | Note
-------+----------+-------------------------------------------
     0 | D:1      | 7w4c the Spriggan Enchanter began the quest for the Orb.
     0 | D:1      | Reached XP level 1. HP: 9/9 MP: 5/5
   110 | D:1      | Reached XP level 2. HP: 13/13 MP: 6/6
   228 | D:1      | Reached skill level 5 in Stealth
   360 | D:1      | Learned a level 2 spell: Ensorcelled Hibernation
   459 | D:1      | Reached XP level 3. HP: 16/16 MP: 8/8
  1035 | D:2      | Learned a level 1 spell: Summon Small Mammal
  1801 | D:3      | Found a sacrificial altar of Ru.
  1814 | D:3      | Reached XP level 4. HP: 12/21 MP: 3/10
  1877 | D:3      | Learned a level 3 spell: Tukima's Dance
  1881 | D:3      | Learned a level 3 spell: Confusing Touch
  1883 | D:3      | Became a worshipper of Ru the Awakened
  2132 | D:3      | Found a large runed translucent door.
  2132 | D:3      | Found a large runed translucent door.
  2132 | D:3      | Found a shimmering altar of Xom.
  2183 | D:3      | Found a snail-covered altar of Cheibriados.
  3053 | D:4      | Reached skill level 6 in Stealth
  3107 | D:4      | Noticed an ogre
  3164 | D:4      | Reached XP level 5. HP: 19/25 MP: 3/12
  3192 | D:4      | Killed an ogre
  3289 | D:4      | Found Xatsi's Weapon Boutique.
  3431 | D:4      | Learned a level 3 spell: Summon Guardian Golem
  3538 | D:4      | Noticed Pikel
  3539 | D:4      | Noticed a lemure
  3541 | D:4      | Noticed a lemure
  3541 | D:4      | Noticed a lemure
  3541 | D:4      | Noticed a lemure
  3551 | D:4      | Killed a lemure
  3552 | D:4      | Killed a lemure
  3554 | D:4      | Killed Pikel
  3555 | D:4      | Reached skill level 1 in Fighting
  3555 | D:4      | Reached skill level 7 in Stealth
  3555 | D:4      | Reached skill level 5 in Spellcasting
  3555 | D:4      | Reached skill level 5 in Hexes
  3555 | D:4      | Reached XP level 6. HP: 30/30 MP: 10/15
  3555 | D:4      | Reached XP level 7. HP: 33/33 MP: 10/16
  3736 | D:4      | Killed from afar by an orc wizard

Illustrated notes

Levels and vault maps discovered:
D:1:      spicycebolla_arrival_ecumenical, layout_basic
D:2:      layout_basic
D:3:      due_chaos_kobolds, layout_basic, marbit_many_paths,
          nicolae_ru_great_annihilating_truth, serial_bayou,
          serial_bayou_lagoon_a, serial_bayou_shore_b, serial_bayou_shore_a,
          serial_bayou_pond_b, serial_bayou_pond_d, serial_bayou_pond_e
D:4:      layout_loops_cross, fedhas_altar_1, serial_shops,
          nicolae_shop_tiny_waterfront, minmay_misc_feat_four_crosses,
          chequers_serial_rivers_micro_c, st_stairs_7, minmay_hedge_maze,
          uniq_pikel

Skill      XL: |  1  2  3  4  5 |
---------------+----------------+-----
Stealth        | 5 6 7 |  7.6
Dodging        | 3 4 |  4.6
Spellcasting   | 3 4 5 |  5.8
Hexes          | 4 5 |  5.7
Short Blades   | 3 |  3.5
Fighting       | 1 |  1.3
Summonings     | |  0.6
Ice Magic      | |  0.6

Action                     |  1- 3 |  4- 6 |  7- 9 || total
---------------------------+-------+-------+-------++-------
  Melee: Dagger            |   124 |    91 |    43 ||   258
         Punch             |     1 |       |     1 ||     2
   Cast: Ensorcelled Hiber |     5 |     1 |       ||     6
         Summon Small Mamm |     4 |     1 |     2 ||     7
         Tukima's Dance    |       |     7 |     3 ||    10
         Confusing Touch   |       |     2 |     1 ||     3
         Summon Guardian G |       |     1 |     2 ||     3
    Use: Scroll            |     2 |     3 |       ||     5
         Potion            |     2 |       |       ||     2
   Stab: Sleeping          |    18 |     4 |       ||    22
         Invisible         |     2 |       |       ||     2
         Paralysed         |       |     1 |       ||     1
         Confused          |       |     1 |     1 ||     2
 Armour: Robe              |    12 |     6 |     3 ||    21
  Dodge: Dodged            |    94 |    55 |    30 ||   179
